 Dungeon Crawl Stone Soup version 0.16.2-12-gd0ad4c3 (webtiles) character file.

189 fotsohgehT the Chopper (level 5, 0/45 HPs)
             Began as a Minotaur Berserker on Nov 4, 2015.
             Was a Believer of Trog.
             Succumbed to poison (a potion of poison)
             ... on level 7 of the Dungeon.
             The game lasted 00:11:26 (630 turns).

fotsohgehT the Chopper (Minotaur Berserker)          Turns: 630, Time: 00:11:27

Health: 0/45       AC:  3    Str: 23    XL:     5   Next: 40%
Magic:  2/2        EV: 17    Int:  4    God:    Trog [**....]
Gold:   20         SH:  0    Dex: 14    Spells: 0 memorised, 4 levels left

rFire  . . .     SeeInvis .     a - +0 hand axe
rCold  . . .     Clarity  .     d - +0 leather armour
rNeg   . . .     SustAb   .     (no shield)
rPois  .         Gourm    .     (helmet restricted)
rElec  .         Spirit   .     (no cloak)
rCorr  .         Warding  .     (no gloves)
rMut   .         Stasis   .     (no boots)
MR     .....                    (no amulet)
Stlth  ++........               (no ring)
                                (no ring)

@: confused, agile, lethally poisoned (0 -> -6), exhausted, slowed, very slow,
not resistant to hostile enchantments, unstealthy
A: retaliatory headbutt, horns 2
a: Burn Spellbooks, Berserk, Trog's Hand, Renounce Religion


You were on level 7 of the Dungeon.
You worshipped Trog.
Trog was pleased with you.
You were not hungry.

You visited 1 branch of the dungeon, and saw 7 of its levels.

You collected 41 gold pieces.
You spent 21 gold pieces at shops.

Inventory:

Hand weapons
 a - a +0 hand axe (weapon)
Missiles
 m - 8 poisoned needles
Armour
 d - a +0 leather armour (worn)
Scrolls
 b - a scroll of remove curse {unknown}
 e - a scroll of recharging {unknown}
 f - a scroll of teleportation {unknown}
 l - a scroll of vulnerability {unknown}
Potions
 h - a potion of poison
 i - a potion of agility
Comestibles
 c - 4 bread rations
 g - 2 fruits
 j - a beef jerky
 k - a meat ration
 n - a chunk of flesh


   Skills:
 - Level 3.6 Fighting
 + Level 7.4 Axes
 - Level 2.4 Armour
 - Level 2.1 Dodging


You had 4 spell levels left.
You didn't know any spells.

Dungeon Overview and Level Annotations

Branches:
Dungeon (7/15)
 Temple: D:4-7

Altars:

Shops:
D:4 *


Innate Abilities, Weirdness & Mutations

You reflexively headbutt those who attack you in melee.
You have a pair of horns on your head.


Message History

You hit something but do no damage.
* * * LOW HITPOINT WARNING * * *
You feel sick. The orc hits you.
* * * LOW HITPOINT WARNING * * *
Something hits you but does no damage. The orc hits you.
* * * LOW HITPOINT WARNING * * *
You slash the orc!
You kill the orc!
Trog accepts your kill.
You hit something.
* * * LOW HITPOINT WARNING * * *
You feel sick.
You hear some strange, mumbled words.
You are confused.
Something barely misses you.
You closely miss something.
* * * LOW HITPOINT WARNING * * *
You feel sick. Something barely misses you.
You swing at nothing.
You die...

+ ##+####
+##..
#.....#......
+...<.#......+
#.....'......#
#.###.##.##..#
#.###'##+#
#..')@'..+
+.##)###.# #.#
# #......{..
...o...o.
.......##.
.######.# #.
.# # .


There were no monsters in sight!

Vanquished Creatures
  A water moccasin skeleton (D:5)
  An orc priest (D:7)
  An orc wizard (D:3)
  A worker ant (D:6)
  An adder (D:3)
  A worm (D:3)
  An ooze (D:4)
  8 orcs
  A ball python (D:1)
  2 bats
  2 goblins
  3 hobgoblins
  4 kobolds
  2 quokkas
  A giant gecko skeleton (D:4)
  A giant newt (D:3)
  4 jackals (D:2)
  3 rats
38 creatures vanquished.

Notes
Turn   | Place    | Note
--------------------------------------------------------------
     0 | D:1      | fotsohgehT, the Minotaur Berserker, began the quest for the Orb.
     0 | D:1      | Reached XP level 1. HP: 19/19 MP: 1/1
    49 | D:1      | Reached skill level 4 in Axes
   194 | D:2      | Reached XP level 2. HP: 17/26 MP: 1/1
   220 | D:3      | Reached skill level 5 in Axes
   221 | D:3      | Reached XP level 3. HP: 17/31 MP: 2/2
   234 | D:3      | Acquired Trog's second power
   284 | D:3      | Reached XP level 4. HP: 39/39 MP: 2/2
   342 | D:4      | Reached skill level 6 in Axes
   347 | D:4      | Found Skiahoar's Assorted Antiques.
   357 | D:4      | Bought a scroll labeled SAESHR IRALOMP for 21 gold pieces
   524 | D:5      | Entered Level 5 of the Dungeon
   595 | D:6      | Reached skill level 7 in Axes
   595 | D:6      | Reached XP level 5. HP: 45/45 MP: 2/2
   616 | D:7      | welp
   628 | D:7      | HP: 2/45 [poison (a potion of poison)]
   630 | D:7      | Succumbed to poison (a potion of poison)

Action                   |  1- 3 |  4- 6 || total
-------------------------+-------+-------++-------
Melee: Hand axe          |    24 |    31 ||    55
Invok: Berserk           |     3 |     2 ||     5
       Trog's Hand       |     1 |       ||     1
  Use: Potion            |       |     2 ||     2
  Eat: Chunk             |       |     3 ||     3
       Fruit             |       |     1 ||     1
